 Dungeon Sprint DCSS version 0.23.2-40-g277498a (webtiles) character file.

Game seed: 4474704907605123888

3647 silentkaos13 the Thaumaturge (level 10, -1/81 HPs)
             Began as a Gnoll Wizard on Oct 11, 2019.
             Was an Initiate of Kikubaaqudgha.
             Killed from afar by an oklob plant (16 damage)
             ... with a splash of acid
             ... in the Dungeon (Sprint I: "Red Sonja").
             The game lasted 00:12:28 (3379 turns).

silentkaos13 the Thaumaturge (Gnoll Wizard)         Turns: 3379, Time: 00:12:28

Health: -1/81      AC:  0    Str:  9    XL:     10   Next: 12%
Magic:  17/24      EV: 18    Int: 24    God:    Kikubaaqudgha [......]
Gold:   696        SH:  0    Dex: 14    Spells: 19/30 levels left

rFire    . . .     SeeInvis .   c - +0 spear
rCold    . . .     Gourm    .   (no shield)
rNeg     . . .     Faith    .   m - +2 robe {MR+}
rPois    .         Spirit   .   b - +0 hat
rElec    .         Reflect  .   (no cloak)
rCorr    .         Harm     .   i - +1 pair of gloves
MR       +....     NoTele   +   (no boots)
Stlth    ++++......             (no amulet)
HPRegen  0.23/turn              (no ring)
MPRegen  0.19/turn              (no ring)

@: corroded
A: distributed training, fangs 1, strong nose
a: Renounce Religion


You were in the Dungeon.
You worshipped Kikubaaqudgha.
Kikubaaqudgha was noncommittal.
You were hungry.

You visited 1 branch You collected 956 gold pieces.
You spent 260 gold pieces at shops.

Inventory:

Hand Weapons
 c - a +0 spear (weapon)
 k - a +0 blowgun
Missiles
 l - 8 curare-tipped needles
Armour
 a - a +0 robe
 b - a +0 hat (worn)
 i - a +1 pair of gloves (worn)
 m - a +2 robe of magic resistance (worn)
Scrolls
 f - a scroll of enchant armour {unknown}
 j - a scroll of blinking
 n - 3 scrolls of identify {unknown}
 o - a scroll of magic mapping {unknown}
 p - a scroll of amnesia {unknown}
Potions
 e - 3 potions of curing
 g - a potion of haste
 h - 2 potions of magic
Comestibles
 d - a ration


   Skills:
 + Level 8.3 Fighting
 + Level 8.3 Short Blades
 + Level 8.3 Long Blades
 + Level 8.3 Axes
 + Level 8.3 Maces & Flails
 + Level 8.3 Polearms
 + Level 8.3 Staves
 + Level 8.3 Slings
 + Level 8.3 Bows
 + Level 8.3 Crossbows
 + Level 8.3 Throwing
 + Level 8.3 Armour
 + Level 9.5 Dodging
 + Level 9.4 Stealth
 + Level 8.3 Shields
 + Level 8.3 Unarmed Combat
 + Level 10.9 Spellcasting
 + Level 7.3 Conjurations
 + Level 6.9 Hexes
 + Level 6.9 Charms
 + Level 7.3 Summonings
 + Level 6.9 Necromancy
 + Level 7.3 Translocations
 + Level 6.9 Transmutations
 + Level 6.9 Fire Magic
 + Level 6.9 Ice Magic
 + Level 6.9 Air Magic
 + Level 6.9 Earth Magic
 + Level 6.9 Poison Magic
 + Level 9.1 Invocations
 + Level 8.3 Evocations


You had 19 spell levels left.
You knew the following spells:

 Your Spells              Type           Power        Failure   Level  Hunger
a - Magic Dart            Conj           ####         1%          1    None
b - Call Imp              Summ           #####...     1%          2    None
c - Conjure Flame         Conj/Fire      #####...     1%          3    None
d - Mephitic Cloud        Conj/Pois/Air  #####...     1%          3    None
e - Blink                 Tloc           N/A          1%          2    None

Your spell library contained the following spells:

 Spells                   Type           Power        Failure   Level  Hunger
 Slow                     Hex            #####...     1%          2    None


Dungeon Overview and Level Annotations

Branches:
Dungeon (1/1)

Altars:
Cheibriados
Dithmenos
Elyvilon
Fedhas
Gozag
Hepliaklqana
Kikubaaqudgha
Makhleb
Nemelex Xobeh
Okawaru
Qazlal
Ru
Sif Muna
Trog
Uskayaw
Vehumet
Wu Jian
Xom
Yredelemnul
Zin
The Shining One
Jiyva
Lugonu

Shops:
D [[[

Annotations:
D exclusion: oklob plant


Innate Abilities, Weirdness & Mutations

Your experience applies equally to all skills.
You have very sharp teeth.
Your uncanny sense of smell can sniff out nearby items.


Message History

Press: ? - help, Shift-Dir - straight line, f/p - oklob plant
Aim: an oklob plant (lightly damaged)
The magic dart hits the oklob plant but does no damage.
The oklob plant is lightly damaged.
Casting: Magic Dart (safe; 1% risk of failure)
Confirm with . or Enter, or press ? or * to list all spells.
Aiming: Magic Dart (safe; 1% risk of failure)
Press: ? - help, Shift-Dir - straight line, f/p - oklob plant
Aim: an oklob plant (lightly damaged)
The magic dart hits the oklob plant but does no damage.
The oklob plant is lightly damaged.
The oklob plant spits acid at you. The splash of acid hits you!
* * * LOW HITPOINT WARNING * * *
The acid corrodes you!
You are splashed with acid!
* * * LOW HITPOINT WARNING * * *
The oklob plant spits acid at you. The splash of acid hits you!
You die...
Kikubaaqudgha rasps: "You have failed me!
Welcome... death!"

#####################
))..#..'..#__#..)...#∆∆
∆ .#..'..#..'..'..#...#
∆ ###'#####'#__####...+
∆ ##..#...#.####..#####
∆ _####..##.#§§§§.#§.#
____##'#_.'§≈§§§@§.#
.∩...'..._#§§§§§#§§#
..__##_.#'##§#####'#
____###)#.#§((.###P+∆
#######.####'###.###∆
.....'...'....§'.∩#
++####...########## ∆ ∆
###.### ∆ ∆ #.#'#.# ∆ ∆


You could see an oklob plant.

Vanquished Creatures
  2 centaur warriors (D)
  Sonja (D)
  A deep troll (D)
  2 kobold demonologists (D)
  A hornet (D)
  A slime creature (D)
  Sigmund (D)
  A yak (D)
  A floating eye (D)
  An ogre (D)
  A jelly (D)
  Ijyb (D)
  A ballistomycete (D)
15 creatures vanquished.

Vanquished Creatures (others)
  the Lernaean hydra (D)
  A merfolk siren (D)
  A gargoyle (D)
  3 hornets (D)
  2 ballistomycete spores (D)
8 creatures vanquished.

Grand Total: 23 creatures vanquished

Notes
Turn   | Place    | Note
-------+----------+-------------------------------------------
     0 | D        | silentkaos13 the Gnoll Wizard began the quest for the Orb.
     0 | D        | Reached XP level 1. HP: 13/13 MP: 8/8
     1 | D        | Noticed Ijyb
    13 | D        | Killed Ijyb
    13 | D        | Reached skill level 1 in Fighting
    13 | D        | Reached skill level 1 in Short Blades
    13 | D        | Reached skill level 1 in Long Blades
    13 | D        | Reached skill level 1 in Axes
    13 | D        | Reached skill level 1 in Maces & Flails
    13 | D        | Reached skill level 1 in Polearms
    13 | D        | Reached skill level 1 in Staves
    13 | D        | Reached skill level 1 in Slings
    13 | D        | Reached skill level 1 in Bows
    13 | D        | Reached skill level 1 in Crossbows
    13 | D        | Reached skill level 1 in Throwing
    13 | D        | Reached skill level 1 in Armour
    13 | D        | Reached skill level 1 in Shields
    13 | D        | Reached skill level 1 in Unarmed Combat
    13 | D        | Reached skill level 1 in Hexes
    13 | D        | Reached skill level 1 in Charms
    13 | D        | Reached skill level 1 in Necromancy
    13 | D        | Reached skill level 1 in Transmutations
    13 | D        | Reached skill level 1 in Fire Magic
    13 | D        | Reached skill level 1 in Ice Magic
    13 | D        | Reached skill level 1 in Air Magic
    13 | D        | Reached skill level 1 in Earth Magic
    13 | D        | Reached skill level 1 in Poison Magic
    13 | D        | Reached skill level 1 in Invocations
    13 | D        | Reached skill level 1 in Evocations
    13 | D        | Reached XP level 2. HP: 20/22 MP: 10/10
    13 | D        | Reached XP level 3. HP: 24/27 MP: 11/11
    43 | D        | Learned a level 2 spell: Call Imp
    47 | D        | Learned a level 3 spell: Conjure Flame
    51 | D        | Learned a level 3 spell: Mephitic Cloud
   125 | D        | Noticed an ogre
   133 | D        | Killed an ogre
   133 | D        | Reached skill level 5 in Dodging
   133 | D        | Reached skill level 5 in Stealth
   133 | D        | Reached XP level 4. HP: 34/34 MP: 0/13
   238 | D        | Noticed Sigmund
   272 | D        | Killed Sigmund
   272 | D        | Reached skill level 8 in Spellcasting
   272 | D        | Reached XP level 5. HP: 29/42 MP: 6/15
   272 | D        | Reached XP level 6. HP: 34/48 MP: 6/17
   361 | D        | Found an ornate altar of the Wu Jian Council.
   361 | D        | Found a deep blue altar of Sif Muna.
   363 | D        | Found a radiant altar of Vehumet.
   426 | D        | Found Xeev Huw's Armour Emporium.
   426 | D        | Found an ancient bone altar of Kikubaaqudgha.
   426 | D        | Found a hazy altar of Hepliaklqana.
   426 | D        | Found a stormy altar of Qazlal.
   426 | D        | Found a hide-covered altar of Uskayaw.
   426 | D        | Found a blossoming altar of Fedhas.
   426 | D        | Found a bloodstained altar of Trog.
   426 | D        | Found an iron altar of Okawaru.
   426 | D        | Found a basalt altar of Yredelemnul.
   426 | D        | Found a glowing golden altar of the Shining One.
   426 | D        | Found a snail-covered altar of Cheibriados.
   426 | D        | Found a sacrificial altar of Ru.
   426 | D        | Found a glowing silver altar of Zin.
   426 | D        | Found a shadowy altar of Dithmenos.
   426 | D        | Found a white marble altar of Elyvilon.
   426 | D        | Noticed a yak
   431 | D        | Killed a yak
   431 | D        | Reached skill level 5 in Fighting
   431 | D        | Reached skill level 5 in Short Blades
   431 | D        | Reached skill level 5 in Long Blades
   431 | D        | Reached skill level 5 in Axes
   431 | D        | Reached skill level 5 in Maces & Flails
   431 | D        | Reached skill level 5 in Polearms
   431 | D        | Reached skill level 5 in Staves
   431 | D        | Reached skill level 5 in Slings
   431 | D        | Reached skill level 5 in Bows
   431 | D        | Reached skill level 5 in Crossbows
   431 | D        | Reached skill level 5 in Throwing
   431 | D        | Reached skill level 5 in Armour
   431 | D        | Reached skill level 5 in Shields
   431 | D        | Reached skill level 5 in Unarmed Combat
   431 | D        | Reached skill level 5 in Invocations
   431 | D        | Reached skill level 5 in Evocations
   431 | D        | Reached XP level 7. HP: 54/56 MP: 15/19
   452 | D        | Found an opulent altar of Gozag.
   453 | D        | Found a sparkling altar of Nemelex Xobeh.
   459 | D        | Bought a +1 pair of gloves for 161 gold pieces
   477 | D        | Found a burning altar of Makhleb.
   477 | D        | Found a viscous altar of Jiyva.
   477 | D        | Found a shimmering altar of Xom.
   477 | D        | Found a corrupted altar of Lugonu.
   477 | D        | Noticed a slime creature
   484 | D        | Killed a slime creature
   484 | D        | Reached skill level 9 in Spellcasting
   484 | D        | Reached skill level 5 in Conjurations
   484 | D        | Reached skill level 5 in Summonings
   484 | D        | Reached skill level 5 in Translocations
   639 | D        | Noticed a kobold demonologist
   639 | D        | Noticed a kobold demonologist
   644 | D        | Paralysed by a floating eye for 4 turns
   650 | D        | Killed a kobold demonologist
   650 | D        | Reached skill level 5 in Hexes
   650 | D        | Reached skill level 5 in Charms
   650 | D        | Reached skill level 5 in Necromancy
   650 | D        | Reached skill level 5 in Transmutations
   650 | D        | Reached skill level 5 in Fire Magic
   650 | D        | Reached skill level 5 in Ice Magic
   650 | D        | Reached skill level 5 in Air Magic
   650 | D        | Reached skill level 5 in Earth Magic
   650 | D        | Reached skill level 5 in Poison Magic
   650 | D        | Reached XP level 8. HP: 64/64 MP: 15/21
   654 | D        | Killed a kobold demonologist
   800 | D        | Learned a level 2 spell: Blink
   800 | D        | Noticed Sonja
   806 | D        | Killed Sonja
   806 | D        | Reached skill level 10 in Spellcasting
   806 | D        | Reached XP level 9. HP: 20/72 MP: 14/23
  1093 | D        | Found Xecsaf's Antique Armour Boutique.
  1101 | D        | Bought a glowing robe for 99 gold pieces
  1123 | D        | Noticed a deep troll
  1131 | D        | Killed a deep troll
  1171 | D        | Found Uzxeisib's Armour Emporium.
  1360 | D        | Noticed a centaur warrior
  1361 | D        | Noticed a centaur warrior
  1387 | D        | Killed a centaur warrior
  1421 | D        | Killed a centaur warrior
  1421 | D        | Reached XP level 10. HP: 6/80 MP: 4/24
  1765 | D        | Paralysed by a hornet for 2 turns
  1915 | D        | Noticed an oklob plant
  2038 | D        | Killed a merfolk siren
  2455 | D        | Became a worshipper of Kikubaaqudgha
  2597 | D        | Killed a gargoyle
  3141 | D        | Killed the 27-headed Lernaean hydra
  3379 | D        | Killed from afar by an oklob plant

Skill      XL: |  1  2  3  4  5  6  7  8  9 |
---------------+----------------------------+-----
Fighting       | 1 2 4 5 6 7 8 |  8.3
Short Blades   | 1 2 4 5 6 7 8 |  8.3
Long Blades    | 1 2 4 5 6 7 8 |  8.3
Axes           | 1 2 4 5 6 7 8 |  8.3
Maces & Flails | 1 2 4 5 6 7 8 |  8.3
Polearms       | 1 2 4 5 6 7 8 |  8.3
Staves         | 1 2 4 5 6 7 8 |  8.3
Slings         | 1 2 4 5 6 7 8 |  8.3
Bows           | 1 2 4 5 6 7 8 |  8.3
Crossbows      | 1 2 4 5 6 7 8 |  8.3
Throwing       | 1 2 4 5 6 7 8 |  8.3
Armour         | 1 2 4 5 6 7 8 |  8.3
Shields        | 1 2 4 5 6 7 8 |  8.3
Unarmed Combat | 1 2 4 5 6 7 8 |  8.3
Conjurations   | 2 3 4 5 6 7 |  7.3
Hexes          | 1 2 3 4 5 6 |  6.9
Charms         | 1 2 3 4 5 6 |  6.9
Summonings     | 2 3 4 5 6 7 |  7.3
Necromancy     | 1 2 3 4 5 6 |  6.9
Translocations | 2 3 4 5 6 7 |  7.3
Transmutations | 1 2 3 4 5 6 |  6.9
Fire Magic     | 1 2 3 4 5 6 |  6.9
Ice Magic      | 1 2 3 4 5 6 |  6.9
Air Magic      | 1 2 3 4 5 6 |  6.9
Earth Magic    | 1 2 3 4 5 6 |  6.9
Poison Magic   | 1 2 3 4 5 6 |  6.9
Invocations    | 1 3 4 5 6 7 9 |  9.1
Evocations     | 1 2 4 5 6 7 8 |  8.3
Dodging        | 5 6 7 8 9 |  9.5
Stealth        | 5 6 7 8 9 |  9.4
Spellcasting   | 8 9 10 | 10.9

Action                   |  1- 3 |  4- 6 |  7- 9 | 10-12 || total
-------------------------+-------+-------+-------+-------++-------
Melee: Unarmed           |    11 |    10 |       |       ||    21
       Bite              |     1 |       |     7 |     2 ||    10
       Spear             |       |     5 |    51 |    15 ||    71
       Punch             |       |       |     1 |       ||     1
 Fire: Blowgun           |       |       |     2 |       ||     2
Throw: Javelin           |       |       |       |     6 ||     6
 Cast: Magic Dart        |     5 |     7 |     7 |    38 ||    57
       Mephitic Cloud    |     1 |     2 |     6 |     1 ||    10
       Conjure Flame     |     1 |     2 |     5 |     1 ||     9
       Call Imp          |       |       |     7 |    12 ||    19
       Blink             |       |       |       |     2 ||     2
  Use: Potion            |     1 |       |     1 |       ||     2
 Stab: Confused          |       |       |     4 |     1 ||     5
       Sleeping          |       |       |       |     1 ||     1
  Eat: Ration            |       |       |     1 |     1 ||     2
Armor: Robe              |     1 |       |     2 |       ||     3
Dodge: Dodged            |     5 |     6 |    21 |     3 ||    35
